cohdb
Replays
Latest Replays
All Replays
Popular Replays
Top Player Replays
Match Explorer
How It Works
Community
CoH3 Stats
Reddit
Sign in to upload your games and track your stats! →
Sign in with Steam
Match 45991922
Unlisted
Match 45991922
Overview
Messages
Build Orders
End
Panzergrenadier Squad
Selects Panzerjäger Kommand Battlegroup
250 Light Carrier
Panzergrenadier Squad
Construct Light Support Kompanie
Combat Half-tracks
Selects GrB 39 Grenade Launcher Requisition
2.5-tonne Medical Truck
Panzergrenadier Squad
Selects Mine Fields
Construct Mechanized Kompanie
Support Armor Elements
Selects Defensive Positions
Pak 38 Mechanized Group
StuG III D Assault Gun
2.5-tonne Medical Truck
Selects Butterfly Bomb Drop
Veteran Squad Leaders
Selects Crew Shock Tactics
Selects Butterfly Bomb Drop
Emergency Repair Kits
Butterfly Bomb Drop
Selects Crew Shock Tactics
Construct Panzerarmee Kommand
Panzer III L Medium Tank
Rapid Advance
Panzergrenadier Squad
Тесак
Schizoid
Max1boy
gb_gbg
0
0
Comments
sign in to comment!
No comments posted yet!